 Dungeon Crawl Stone Soup version 0.31-a0-986-g5e6e4ef867 (webtiles) character file.

Game seed: 10345294685552049221

3 croobank the Sneak (level 1, 0/18 HPs)
             Began as a Demigod Delver on Nov 6, 2023.
             Frozen to death by an endoplasm (5 damage)
             ... on level 2 of the Dungeon.
             The game lasted 00:01:21 (168 turns).

croobank the Sneak (Demigod Delver)                  Turns: 168, Time: 00:01:22

Health: 0/18       AC:  3    Str: 13    XL:     1   Next: 33%
Magic:  3/3        EV: 12    Int: 12    God:
Gold:   0          SH:  0    Dex: 15    Spells: 0/0 levels left

rFire   . . .        a - +0 short sword
rCold   . . .        (no shield)
rNeg    . . .        b - +0 leather armour
rPois   .            (no helmet)
rElec   .            (no cloak)
rCorr   .            (no gloves)
SInv    .            (no boots)
Will    .....        (no amulet)
Stlth   +++          (no ring)
HPRegen 0.23/turn    (no ring)
MPRegen 0.08/turn

%: no passive effects
@: no status effects
A: high MP 1, forlorn, divine attributes
a: no special abilities


You were on level 2 of the Dungeon.
You visited 1 branch of the dungeon, and saw 5 of its levels.

Inventory:

Hand Weapons
 a - a +0 short sword (weapon)
Missiles
 i - 2 boomerangs
Armour
 b - a +0 leather armour (worn)
 h - a +2 hat
Wands
 g - a wand of digging (2)
Scrolls
 c - a scroll of fog


   Skills:
 + Level 2.7 Fighting
 + Level 1.8 Short Blades
 + Level 1.8 Dodging
 + Level 4.5 Stealth


You couldn't memorise any spells.
You didn't know any spells.
Your spell library was empty.

Dungeon Overview and Level Annotations

Branches:
Dungeon (6/15)
 Temple: D:4-7

Annotations:
D:3 exclusion: downstairs
D:4 Natasha


Innate Abilities, Weirdness & Mutations

You have an increased reservoir of magic. (+10% MP)
You shall have no god before yourself.
Your divine heritage dramatically boosts your attributes as you level up.


Message History

The bat is moderately wounded.
The bat closely misses you. The bat barely misses you. The endoplasm hits you.
You hit the bat but do no damage.
The bat is moderately wounded.
The bat hits you. The endoplasm freezes you.
You are frozen.
You hit the bat.
You kill the bat!
The endoplasm freezes you.
You are frozen.
You barely miss the endoplasm. The endoplasm completely misses you.
You hit the endoplasm.
The endoplasm is heavily wounded.
The endoplasm barely misses you.
You hit the endoplasm but do no damage.
The endoplasm is heavily wounded.
The endoplasm freezes you.
You are frozen.
You hit the endoplasm.
The endoplasm is heavily wounded.
The endoplasm freezes you.
You are frozen.
You are too injured to fight recklessly!
You are too injured to fight recklessly!
You are too injured to fight recklessly!
You hit the endoplasm.
The endoplasm is severely wounded.
The endoplasm hits you but does no damage.
You hit the endoplasm but do no damage.
The endoplasm is severely wounded.
The endoplasm hits you.
* * * LOW HITPOINT WARNING * * *
You hit the endoplasm.
The endoplasm is almost dead.
You hit the endoplasm but do no damage.
The endoplasm is almost dead.
The endoplasm freezes you.
You are frozen.
You die...

### ##... #..
....< #.##...#
. #.#....# #.##
#.#.... #...#
#....#.# .....
#......#
###..##@J#####.
...............
####..#.#######
#..#.# #..>.#
......#..#
....# #..# ....
#..# . #..#


You could see an endoplasm.

Vanquished Creatures
  A bat (D:2)
  A hobgoblin (D:3)
  A kobold (D:3)
3 creatures vanquished.

Notes
Turn   | Place    | Note
-------+----------+-------------------------------------------
     0 | D:5      | croobank the Demigod Delver began the quest for the Orb.
     0 | D:5      | Reached XP level 1. HP: 18/18 MP: 3/3
     2 | D:6      | Noticed an ice beast
    36 | D:4      | Noticed an iguana
    36 | D:4      | Noticed Natasha
    37 | D:4      | Noticed a scorpion
    37 | D:4      | Noticed a hound
    38 | D:4      | Noticed a sleepcap
   168 | D:2      | Frozen to death by an endoplasm

Illustrated notes

Levels and vault maps discovered:
D:2:      layout_basic, basic_altar
D:3:      layout_basic, lemuel_crystal_altar,
          shapermc_ecumenical_altar_acropolis
D:4:      minmay_wonky_spiral, layout_rooms, general_overflow_altar,
          nicolae_zig_zag_zippers, uniq_natasha, uniq_duvessa
D:5:      layout_basic, grunt_ministairs_9
D:6:      layout_loops_ring, nicolae_overflow_hidden_temple

Action                     || total
---------------------------++-------
  Melee: Short sword       ||    23
  Evoke: Wand              ||     1
    Use: Scroll            ||     2
         Potion            ||     1
 Armour: Leather armour    ||    23
  Dodge: Dodged            ||    22

Table legend: (Time is in decaauts)
 A = Elapsed time spent in this place.
 B = Non-inter-level travel time spent in this place.
 C = Inter-level travel time spent in this place.
 D = Time resting spent in this place.
 E = Time spent auto-exploring this place.
 F = Levels seen in this place.
 G = Mean time per level.
                   A        B        C        D        E       F      G
               +--------+--------+--------+--------+--------+-----+--------+
         Total |    147 |    147 |      0 |     42 |      5 |   5 |   29.4 |
       Dungeon |    147 |    147 |      0 |     42 |      5 |   5 |   29.4 |
               +--------+--------+--------+--------+--------+-----+--------+

Top non-repeatable levels by time:
     D:2: 59 daAuts
     D:3: 42 daAuts
     D:5: 20 daAuts
     D:6: 14 daAuts
     D:4: 10 daAuts
